 Dungeon Crawl Stone Soup version 0.30-a0-6-g7c9e10e132 (webtiles) character file.

Game seed: 7218927456997702116

274 Zeldest the Magician (level 6, -15/45 HPs)
             Began as a Djinni Summoner on Aug 22, 2022.
             Killed from afar by Ijyb (18 damage)
             ... with a bolt of light
             ... on level 5 of the Dungeon.
             The game lasted 00:18:27 (1913 turns).

Zeldest the Magician (Djinni Summoner)              Turns: 1913, Time: 00:18:28

Health: -15/45     AC:  3    Str:  6 (7)  XL:     6   Next: 49%
Gold:   113        EV: 12    Int: 17 (19) God:
                   SH:  0    Dex: 12 (13)

rFire   + + .      SeeInvis .    g - +0 dagger
rCold   x . .      Faith    .    (no shield)
rNeg    . . .      Spirit   .    a - +0 robe
rPois   ∞          Reflect  .    j - +0 helmet
rElec   .          Harm     .    (no cloak)
rCorr   .          Rampage  .    (no gloves)
Will    .....                    (boots unavailable)
Stlth   ++........               n - amulet of regeneration
HPRegen 0.95/turn                (no ring)
MPRegen 0.00/turn                (no ring)

@: flying
A: sickness immunity, fire resistance 2, cold vulnerability 1, float, innate
caster, HP casting, extra vitality 1
a: no special abilities


You were on level 5 of the Dungeon.
You visited 1 branch of the dungeon, and saw 5 of its levels.

You collected 113 gold pieces.

Inventory:

Hand Weapons
 g - a +0 dagger (weapon)
Missiles
 h - 2 poisoned darts
Armour
 a - a +0 robe (worn)
 c - a +0 kite shield
 j - a +0 helmet (worn)
Jewellery
 n - an amulet of regeneration (around neck)
Scrolls
 b - a scroll of summoning {unknown}
 d - 2 scrolls of noise
 e - 3 scrolls of fear
 l - 2 scrolls of teleportation {unknown}
 m - a scroll of butterflies {unknown}
 o - 2 scrolls of brand weapon {unknown}
 q - a scroll of silence {unknown}
Potions
 k - 2 potions of brilliance


   Skills:
 + Level 2.7 Fighting
 - Level 2.1 Dodging
 - Level 1.5 Stealth
 + Level 2.6 Shields
 * Level 4.6 Spellcasting


You couldn't memorise any spells.
You knew the following spells:

 Your Spells              Type           Power      Damage    Failure   Level
a - Summon Small Mammal   Summ           76%        N/A       2%          1
b - Call Imp              Summ           19%        N/A       3%          2
c - Call Canine Familiar  Summ           19%        N/A       6%          3
d - Summon Guardian Gole  Hex/Summ       19%        N/A       6%          3
e - Summon Lightning Spi  Summ/Air       19%        N/A       22%         4
f - Beastly Appendage     Tmut           38%        N/A       2%          1
g - Blink                 Tloc           38%        N/A       3%          2
Your spell library was empty.

Dungeon Overview and Level Annotations

Branches:
Dungeon (5/15)
 Temple: D:4-7

Altars:
Hepliaklqana

Annotations:
D:5 Ijyb


Innate Abilities, Weirdness & Mutations

You are immune to sickness and miasma.
You are immune to poison.
Your flesh is very heat resistant. (rF++)
You are vulnerable to cold. (rC-)
You float through the air rather than walking.
You learn spells naturally, not from books.
Your magical power is your life essence.
You have superior vitality. (+4 MHP)


Message History

Your quokka barely misses Ijyb.
Your crimson imp hits Ijyb.
Ijyb hits your crimson imp with a +0 club.
Casting: Call Imp (safe; 3% risk of failure)
Confirm with . or Enter, or press ? or * to list all spells.
* * * LOW HITPOINT WARNING * * *
Your quokka bites Ijyb.
Your crimson imp hits Ijyb but does no damage.
Ijyb zaps a wand.
The bolt of light hits your crimson imp.
Your crimson imp is blinded.
You catch the helpless Ijyb completely off-guard!
You hit Ijyb but do no damage.
Ijyb is severely wounded.
Your quokka closely misses Ijyb.
Your hound bites Ijyb but does no damage.
Ijyb barely misses you.
You hit Ijyb but do no damage.
Ijyb is severely wounded.
Your hound bites Ijyb but does no damage.
Your quokka completely misses Ijyb.
Your hound closely misses Ijyb.
Your quokka bites Ijyb but does no damage.
Ijyb closely misses you.
You hit Ijyb but do no damage.
Ijyb is severely wounded.
Your hound bites Ijyb but does no damage.
Your quokka barely misses Ijyb.
Ijyb screams, "It's all mine!"
Ijyb zaps a wand.
The bolt of light hits you!
* * * LOW HITPOINT WARNING * * *
Okay, then.
You closely miss Ijyb.
Ijyb is severely wounded.
Your hound barely misses Ijyb.
Your quokka barely misses Ijyb.
Your hound barely misses Ijyb.
Ijyb hits you but does no damage.
You hit Ijyb. You punch Ijyb, but do no damage.
Ijyb is severely wounded.
Your quokka closely misses Ijyb.
Your hound misses Ijyb.
Your crimson imp blinks!
Ijyb zaps a wand.
The bolt of light hits you!!
You die...

###...##
###...###
#...###
###...###
###..5##
##...#
###...##
###§..###
#.@g###
##hr..#
####.#
#.# #.#
#.# #.#
#.# #..


You could see Ijyb (ally target), a friendly hound (summoned), a friendly
crimson imp (summoned, blind) and a friendly quokka (summoned).

Vanquished Creatures
  2 endoplasms (D:2)
  A goblin (D:4)
  A hobgoblin (D:1)
  2 jackals (D:1)
  2 ball pythons
  2 bats (D:1)
  A rat (D:3)
11 creatures vanquished.

Vanquished Creatures (collateral kills)
  A phantom (D:3)
  A scorpion (D:4)
  An orc wizard (D:3)
  Robin (D:3)
  A gnoll (D:1)
  4 orcs
  8 ball pythons
  9 endoplasms
  3 giant cockroaches
  17 goblins
  6 hobgoblins
  A jackal (D:1)
  2 kobolds
  3 quokkas
  5 bats
  3 frilled lizards
  A rat (D:2)
  A spectral hobgoblin (D:3)
68 creatures vanquished.

Vanquished Creatures (others)
  19 plants (D:1)
19 creatures vanquished.

Grand Total: 98 creatures vanquished

Notes
Turn   | Place    | Note
-------+----------+-------------------------------------------
     0 | D:1      | Zeldest the Djinni Summoner began the quest for the Orb.
     0 | D:1      | Zeldest set off with the following spells memorised: Summon
                  | Small Mammal, Call Imp, Call Canine Familiar, Summon
                  | Guardian Golem, Summon Lightning Spire.
     0 | D:1      | Reached XP level 1. HP: 15/15 MP: 0/0
   119 | D:1      | You are sucked into a shaft and drop 1 floor!
   274 | D:1      | Reached XP level 2. HP: 12/22 MP: 0/0
   433 | D:1      | Reached skill level 1 in Fighting
   433 | D:1      | Reached skill level 1 in Shields
   433 | D:1      | Reached XP level 3. HP: 8/27 MP: 0/0
   433 | D:1      | Learned a level 1 spell: Beastly Appendage
   473 | D:1      | HP: 1/27 [jackal (1)]
   648 | D:2      | Found a hazy altar of Hepliaklqana.
   915 | D:2      | Reached XP level 4. HP: 15/32 MP: 0/0
  1148 | D:3      | Reached skill level 4 in Spellcasting
  1177 | D:3      | Noticed a phantom
  1239 | D:3      | Noticed Robin
  1253 | D:3      | Reached XP level 5. HP: 17/38 MP: 0/0
  1253 | D:3      | Learned a level 2 spell: Blink
  1276 | D:3      | Killed Robin
  1421 | D:3      | Killed a phantom
  1422 | D:3      | Reached XP level 6. HP: 18/45 MP: 0/0
  1434 | D:3      | Found a faded altar of an unknown god.
  1872 | D:5      | Entered Level 5 of the Dungeon
  1889 | D:5      | Noticed Ijyb
  1911 | D:5      | HP: 1/45 [Ijyb/bolt of light (15)]
  1913 | D:5      | Killed from afar by Ijyb

Illustrated notes

Levels and vault maps discovered:
D:1:      eino_arrival_cavern_e, layout_basic, serial_shops, nicolae_shop_stone,
          nicolae_grassy_gnolls
D:2:      layout_basic, basic_altar
D:3:      layout_rooms, nzn_wu_jian_council_hall,
          dreamdust_ecumenical_altar_drowned_temple, uniq_robin
D:4:      layout_cave_pools, serial_column_ruins, column_ruins_pillar_4,
          column_ruins_pillar_2, column_ruins_pillar_2, column_ruins_pillar_1,
          column_ruins_pillar_2, column_ruins_pillar_3, column_ruins_pillar_1,
          column_ruins_pillar_2, column_ruins_pillar_4, column_ruins_pillar_1,
          column_ruins_pillar_5, hangedman_decor_peaks_small, st_stairs_8
D:5:      layout_rooms, serial_curves, eino_curves_03, eino_curves_01,
          uniq_blork_the_orc, uniq_ijyb, uniq_eustachio

Skill      XL: |  1  2  3  4  5 |
---------------+----------------+-----
Fighting       | 1 2 |  2.7
Shields        | 1 2 |  2.6
Spellcasting   | 4 |  4.6
Dodging        | |  2.1
Stealth        | |  1.5

Action                   |  1- 3 |  4- 6 || total
-------------------------+-------+-------++-------
Melee: Unarmed           |     1 |       ||     1
       Dagger            |    22 |    33 ||    55
       Punch             |     1 |     1 ||     2
 Cast: Summon Small Mamm |    32 |     7 ||    39
       Call Imp          |    10 |     6 ||    16
       Call Canine Famil |       |    14 ||    14
       Summon Lightning  |       |     3 ||     3
  Use: Potion            |     2 |     4 ||     6
       Scroll            |       |     4 ||     4
 Stab: Sleeping          |     2 |       ||     2
       Distracted        |       |     1 ||     1
Armor: Robe              |    19 |    10 ||    29
Dodge: Dodged            |    55 |    35 ||    90
Block: Other             |     4 |     2 ||     6
       Reflection        |     1 |       ||     1

Table legend: (Time is in decaauts)
 A = Elapsed time spent in this place.
 B = Non-inter-level travel time spent in this place.
 C = Inter-level travel time spent in this place.
 D = Time resting spent in this place.
 E = Time spent auto-exploring this place.
 F = Levels seen in this place.
 G = Mean time per level.
                   A        B        C        D        E       F      G
               +--------+--------+--------+--------+--------+-----+--------+
         Total |   1955 |   1941 |     14 |      0 |      0 |   5 |  391.0 |
       Dungeon |   1955 |   1941 |     14 |      0 |      0 |   5 |  391.0 |
               +--------+--------+--------+--------+--------+-----+--------+

Top non-repeatable levels by time:
     D:3: 556 daAuts
     D:2: 533 daAuts
     D:1: 522 daAuts
     D:4: 303 daAuts
     D:5: 40 daAuts
